Map: Incorporeal LE

Players

SubN

  • Race: Zerg Zerg
  • League: Diamond
  • Spawn Location: 5:00

spartin - Winner!

  • Race: Protoss Protoss
  • League: Diamond
  • Spawn Location: 11:00

VOD

Have the link to the VOD?

Description

Time

  • Played on: July 26, 2025, 7:15 p.m.
  • Length: 10:25
Show
View Real Time Build Order
Export as new Build Order

SubN Zerg 

Build Orders: Pool First, Roach Hydra 

Get SALT Encoding   

  12  0:01  Drone  
  13  0:12  Overlord  
  13  0:17  Drone  
  14  0:30  Drone  
  14  0:31  Drone  
  16  0:45  Spawning Pool  
  16  0:46  Drone  
  16  0:49  Drone  
  17  0:52  Extractor  
  17  0:56  Drone  
  17  1:20  Hatchery  
  16  1:32  Queen  
  16  1:35  Zergling x2  
  16  1:39  Zergling x2  
  20  1:42  Zergling x2  
  21  1:56  Roach Warren  
  20  2:05  Overlord  
  20  2:19  Queen  
  21  2:42  Roach  
  21  2:43  Roach x2  
  27  2:46  Roach  
  29  2:52  Roach  
  31  3:00  Drone  
  31  3:01  Drone  
  31  3:03  Ravager  
  31  3:05  Ravager  
  35  3:21  Overlord  
  35  3:22  Overlord  
  35  3:37  Metabolic Boost  
  33  4:13  Drone x11  
  33  4:14  Drone  
  36  4:37  Roach  
  36  4:38  Roach x4  
  43  4:48  Overlord x2  
  43  4:54  Drone  
  43  4:58  Extractor  
  43  5:05  Queen  
  45  5:08  Lair  
  45  5:12  Drone x4  
  45  5:13  Drone  
  50  5:23  Drone x3  
  53  5:32  Overlord x2  
  53  5:33  Extractor  
  53  5:34  Extractor  
  51  5:41  Hatchery  
  50  5:54  Drone x3  
  50  5:55  Drone x3  
  50  5:56  Drone  
  57  6:01  Drone  
  58  6:06  Hydralisk Den  
  58  6:08  Queen  
  58  6:09  Baneling Nest  
  58  6:13  Drone x2  
  58  6:14  Drone  
  61  6:25  Glial Reconstitution  
  61  6:26  Overlord  
  61  6:30  Queen  
  61  6:32  Overlord  
  63  6:35  Overseer  
  63  6:39  Muscular Augments  
  63  6:48  Drone  
  63  6:52  Drone x6  
  63  6:53  Drone  
  71  6:59  Overseer  
  71  7:06  Queen  
  71  7:08  Drone x5  
  77  7:11  Drone  
  79  7:18  Drone x2  
  81  7:23  Centrifugal Hooks  
  81  7:24  Extractor  
  81  7:25  Evolution Chamber  
  81  7:26  Drone x2, Evolution Chamber  
  81  7:27  Drone  
  81  7:28  Drone  
  81  7:29  Drone  
  83  7:30  Drone  
  83  7:31  Drone  
  85  7:40  Overlord  
  85  7:42  Overlord  
  85  7:43  Grooved Spines  
  85  7:47  Overlord x3  
  85  7:48  Overlord  
  85  7:58  Hydralisk x5  
  95  8:07  Hydralisk x2  
  95  8:10  Extractor  
  98  8:13  Drone x2  
  100  8:21  Zerg Melee Weapons Level 1  
  100  8:22  Zerg Missile Weapons Level 1  
  100  8:24  Zergling x2  
  100  8:25  Hydralisk x2  
  100  8:26  Hydralisk  
  107  8:29  Zergling x6  
  110  8:34  Hatchery  
  109  8:46  Zergling x16  
  117  8:59  Baneling  
  117  9:00  Baneling x7  
  117  9:01  Hydralisk  
  117  9:02  Hydralisk x5  
  129  9:21  Zergling x12  
  135  9:34  Zergling x6  
  135  9:37  Overlord x4  
  138  9:40  Overseer  
  134  10:06  Zergling x2  
  130  10:07  Zergling x26  
Show
View Real Time Build Order
Export as new Build Order

spartin Protoss - Winner!

Build Orders: Forge Fast Expand (FFE) 

Get SALT Encoding   

  12  0:08  Pylon  
  12  0:09  Probe  
  13  0:17  Probe  
  13  0:27  Probe  
  15  0:41  Probe  
  16  0:54  Probe  
  17  0:57  Forge  
  17  1:22  Nexus  
  17  1:24  Probe  
  18  1:36  Photon Cannon  
  18  1:41  Gateway  
  18  1:44  Probe  
  19  1:51  Assimilator  
  19  1:57  Probe  
  19  2:01  Assimilator  
  20  2:09  Probe  
  21  2:21  Probe  
  22  2:31  Probe  
  22  2:32  Cybernetics Core, Probe  
  24  2:39  Probe  
  24  2:40  Probe  
  25  2:48  Probe  
  25  2:49  Probe  
  25  2:51  Pylon  
  28  3:00  Probe  
  28  3:01  Probe  
  30  3:09  Probe  
  30  3:12  Stargate  
  31  3:13  Probe  
  31  3:17  Probe  
  32  3:26  Probe  
  34  3:34  Nexus  
  34  3:37  Pylon, Probe  
  35  3:49  Pylon, Photon Cannon  
  35  3:52  Void Ray  
  27  4:25  Probe  
  28  4:31  Pylon  
  28  4:32  Probe  
  28  4:37  Probe  
  30  4:41  Probe  
  31  4:48  Probe  
  31  4:49  Probe  
  31  4:51  Probe  
  33  4:56  Probe  
  33  4:58  Probe  
  34  5:00  Probe  
  34  5:05  Probe  
  37  5:08  Probe  
  37  5:10  Probe  
  40  5:16  Probe  
  40  5:18  Probe  
  42  5:22  Probe  
  42  5:26  Fleet Beacon, Probe  
  44  5:31  Probe  
  44  5:34  Probe  
  46  5:40  Probe  
  46  5:42  Stargate  
  46  5:43  Probe  
  46  5:44  Pylon  
  46  5:46  Assimilator  
  46  5:48  Assimilator  
  48  5:50  Probe  
  48  5:51  Probe  
  48  5:55  Probe  
  51  5:57  Protoss Air Weapons Level 1  
  51  6:02  Probe  
  51  6:03  Probe  
  53  6:07  Probe  
  54  6:14  Probe  
  54  6:16  Flux Vanes, Probe  
  60  6:24  Probe, Void Ray  
  61  6:26  Probe, Assimilator  
  61  6:27  Assimilator  
  61  6:28  Probe  
  63  6:36  Probe, Photon Cannon  
  63  6:38  Photon Cannon  
  64  6:41  Pylon  
  64  6:45  Protoss Shields Level 1  
  64  6:46  Void Ray  
  70  6:48  Probe  
  71  6:56  Stargate  
  71  7:00  Probe  
  70  7:07  Nexus  
  70  7:08  Pylon  
  70  7:11  Pylon  
  74  7:19  Probe  
  74  7:20  Void Ray  
  74  7:22  Probe x2  
  76  7:27  Probe  
  81  7:33  Void Ray  
  82  7:37  Probe  
  82  7:38  Twilight Council  
  82  7:47  Probe x2  
  82  7:50  Void Ray  
  88  7:52  Photon Cannon  
  88  7:56  Probe  
  88  7:57  Photon Cannon  
  88  7:58  Photon Cannon  
  88  7:59  Probe x2  
  88  8:04  Probe  
  91  8:10  Void Ray  
  91  8:11  Probe  
  91  8:12  Probe  
  98  8:14  Probe  
  98  8:19  Probe  
  100  8:23  Probe  
  100  8:24  Probe, Void Ray  
  100  8:26  Probe  
  107  8:29  Void Ray  
  111  8:42  Probe  
  112  8:49  Assimilator  
  112  8:53  Stargate, Assimilator  
  112  8:55  Stargate, Probe  
  113  8:56  Stargate  
  113  9:04  Pylon  
  113  9:07  Pylon  
  113  9:11  Pylon  
  113  9:22  Tempest  
  121  9:25  Tempest  
  121  9:28  Void Ray, Nexus  
  121  9:29  Pylon  
  125  9:31  Pylon  
  125  9:36  Tempest  
  125  9:37  Tempest  
Tags
 
Add a new tag
Caveats
  • Supply blocks, unpowered buildings, or Contaminate may cause inaccurate times.
  • Supply counts are checked every 10 seconds.